 Dungeon Crawl Stone Soup version 0.22.0-49-gab54619 (webtiles) character file.

2409 Lavandula the Cleaver (level 9, -2/69 HPs)
             Began as a Centaur Berserker on Sept 4, 2018.
             Was a High Priest of Trog.
             Slain by an orc knight
             ... wielding a +0 glaive
              (20 damage)
             ... in a bailey on Sept 5, 2018.
             The game lasted 00:23:20 (4205 turns).

Lavandula the Cleaver (Centaur Berserker)           Turns: 4205, Time: 00:23:20

Health: -2/69      AC: 15    Str: 24    XL:     9   Next: 23%
Magic:  9/9        EV: 23    Int:  6    God:    Trog [*****.]
Gold:   150        SH:  0    Dex: 15    Spells: 8/8 levels left

rFire    x x .     SeeInvis +   F - +1 war axe (elec)
rCold    + + +     Gourm    .   (no shield)
rNeg     . . .     Faith    .   H - +6 ice dragon scales of Mirth {*Corrode *Drain rF- rC++ Dex+7 SInv}
rPois    .         Spirit   .   (no helmet)
rElec    .         Reflect  .   (no cloak)
rCorr    +         Harm     .   (no gloves)
MR       .....                  (no barding)
Stlth    ..........             i - amulet of the acrobat
HPRegen  0.21/turn              u - ring of resist corrosion
MPRegen  0.11/turn              d - ring of ice

@: very quick
A: large, hooves 3, deformed body, speed 2, tough skin 3
a: Berserk, Trog's Hand, Brothers in Arms, Renounce Religion


You were in a bailey.
You worshipped Trog.
Trog was extremely pleased with you.
You were not hungry.

You visited 1 branch of the dungeon, and saw 8 of its levels.
You also visited: Sewer and Bailey.

You collected 361 gold pieces.
You spent 211 gold pieces at shops.

Inventory:

Hand Weapons
 a - a +0 hand axe
 n - a +2 mace of holy wrath
 z - a +0 blowgun
 F - a +1 war axe of electrocution (weapon)
Missiles
 m - 3 poisoned tomahawks (quivered)
Armour
 b - a +0 animal skin
 e - a +1 large shield of protection
 v - the +3 chain mail of the Pit {*Corrode rPois Str+5 Dex+2}
   (You found it on level 7 of the Dungeon)

   It affects your strength (+5).
   It affects your dexterity (+2).
   It protects you from poison.
   It may corrode you when you take damage.
 E - the +2 robe of the Original Sin {rElec rF++ rC- rCorr, unknown}
   (You found it on level 5 of the Dungeon)

   It greatly protects you from fire.
   It makes you vulnerable to cold.
   It insulates you from electricity.
   It provides partial protection from all sources of acid and corrosion.
 H - the +6 ice dragon scales of Mirth (worn) {*Corrode *Drain rF- rC++ Dex+7 SInv}
   (You found it in a bailey)

   It affects your dexterity (+7).
   It makes you vulnerable to fire.
   It greatly protects you from cold.
   It lets you see invisible.
   It may corrode you when you take damage.
   It causes draining when unequipped.
Jewellery
 d - a ring of ice (right hand)
 f - a +2 amulet of reflection
 i - an amulet of the acrobat (around neck)
 o - an uncursed ring of ice
 u - a ring of resist corrosion (left hand)
Scrolls
 h - 2 scrolls of fog
 q - 2 scrolls of remove curse
 t - 2 scrolls of teleportation
 x - a scroll of immolation
 B - 2 scrolls of blinking
Potions
 g - 2 potions of magic {unknown}
 j - a potion of berserk rage {unknown}
 k - a potion of invisibility {unknown}
 l - 6 potions of curing
 p - 2 potions of resistance {unknown}
 r - 3 potions of lignification {unknown}
 s - 6 potions of agility
 w - 9 potions of heal wounds {unknown}
 A - a potion of flight {unknown}
 C - a potion of might {unknown}
 D - a potion of brilliance {unknown}
Miscellaneous
 y - a fan of gales
Comestibles
 c - 8 rations


   Skills:
 - Level 3.0 Fighting
 + Level 9.3 Axes
 - Level 3.0 Throwing
 - Level 5.6 Armour
 - Level 1.3 Dodging


You had 8 spell levels left.
You didn't know any spells.
Your spell library was empty.

Dungeon Overview and Level Annotations

Branches:
Dungeon (8/15)             Temple (0/1) D:5
   Lair: D:8-11

Altars:
Nemelex Xobeh
Qazlal
Vehumet
Xom
The Shining One

Shops:
D:4 !*!%   D:6 !


Innate Abilities, Weirdness & Mutations

You have hooves in place of feet.
Armour fits poorly on your strangely shaped body.
You cover ground very quickly.
You have extremely tough skin. (AC +3)


Message History

a glaive; a scale mail; an orc corpse The orc knight roars a battlecry!
The orcs go into a battle-frenzy!
You close the large door.
You open the large door.
Unknown command.
You start resting.
HP restored.
The orc knight shouts!
You hear a shout!
There is an open door here.
The orc knight shouts! x2
The orc knight roars a battlecry!
The orcs go into a battle-frenzy!
The orc warrior jeers noisily.
The orc warrior hits you from afar with a glaive!
The orc knight hits you from afar with a glaive!
The orc knight hits you from afar with a glaive!!
* * * LOW HITPOINT WARNING * * *
The orc knight hits you from afar with a glaive!!
You die...

##.........## ##..≈≈≈≈≈≈≈..##
##..≈≈.....≈≈..##
##########..≈≈..###..≈≈..########
#..........≈≈..## ##..≈≈.........
#.≈≈≈≈≈≈≈≈≈≈o.##.∩.##..≈≈≈≈≈≈≈≈≈≈
#.≈o...o.....## ... ##)))))))...≈
#.≈o#############+###'#########.≈
#.≈.##.....##...@.§§o.##.....##.≈
#.≈oo##)..##..≈≈§≈≈≈≈..##...##..≈
#.≈≈..##.#'..≈≈ooo§.≈≈..##.##..≈≈
##.≈≈..#'#..≈≈o.o∩⌠..≈≈..#'#..≈≈.
#∩.≈≈..#'#..§≈...⌠...≈≈..#'#..≈≈.
#.≈≈..##)##..≈§...§.≈≈..'#.##..≈≈
#.≈..##...##..≈§≈§§≈§..##...##..≈
#.≈.##.....##....§§§..##.....##.≈
#.≈.#############'#############.≈


You could see 3 orc knights and 2 orc warriors.

Vanquished Creatures
  Eustachio (D:6)
  An ice beast (D:6)
  2 phantoms
  6 orc warriors
  An ogre (D:8)
  3 big kobolds (Sewer)
  3 bullfrogs
  A water moccasin skeleton (D:4)
  A jelly (D:7)
  2 crimson imps
  4 hounds
  3 orc priests
  A bullfrog skeleton (D:8)
  Terence (D:3)
  3 worker ants
  An iguana (D:6)
  5 orc wizards
  A worker ant zombie (D:6)
  9 adders
  4 river rats (Sewer)
  2 shadow imps
  3 oozes (D:4)
  An adder skeleton (D:6)
  4 worms
  4 leopard geckos
  32 orcs
  4 bats (D:2)
  5 giant cockroaches
  3 hobgoblins (D:2)
  13 jackals
  16 kobolds
  2 quokkas
  6 ball pythons
  5 frilled lizards
  6 goblins
  A leopard gecko skeleton (D:5)
  A leopard gecko zombie (D:5)
  19 rats
180 creatures vanquished.

Vanquished Creatures (others)
  A river rat (Sewer)
1 creature vanquished.

Grand Total: 181 creatures vanquished

Notes
Turn   | Place    | Note
-------+----------+-------------------------------------------
     0 | D:1      | Lavandula the Centaur Berserker began the quest for the
                  | Orb.
     0 | D:1      | Reached XP level 1. HP: 19/19 MP: 1/1
   128 | D:2      | Reached skill level 3 in Axes
   128 | D:2      | Reached XP level 2. HP: 24/26 MP: 2/2
   425 | D:2      | Reached XP level 3. HP: 21/31 MP: 3/3
   450 | D:2      | Found a faded altar of an unknown god.
   483 | D:2      | Reached skill level 4 in Axes
   586 | D:3      | Reached XP level 4. HP: 38/38 MP: 4/4
   591 | D:3      | Reached ** piety under Trog
   866 | D:3      | Reached skill level 5 in Axes
   963 | D:3      | Reached XP level 5. HP: 38/45 MP: 5/5
   979 | D:3      | Noticed Terence
   988 | D:3      | Killed Terence
  1101 | D:3      | Found a radiant altar of Vehumet.
  1109 | D:4      | Found Xiruka's Assorted Antiques.
  1109 | D:4      | Found Wibiycla's Food Shoppe.
  1139 | D:4      | Bought a bubbling black potion for 19 gold pieces
  1139 | D:4      | Bought a glowing puce potion for 19 gold pieces
  1433 | D:4      | Bought a puce potion for 19 gold pieces
  1446 | D:4      | Found Zigevo's Distillery.
  1468 | D:5      | Entered Level 5 of the Dungeon
  1595 | D:4      | Reached skill level 6 in Axes
  1595 | D:4      | Reached XP level 6. HP: 47/51 MP: 6/6
  1610 | D:4      | Found a shimmering altar of Xom.
  1670 | D:4      | Found a glowing golden altar of the Shining One.
  1671 | D:4      | Found a sparkling altar of Nemelex Xobeh.
  1732 | D:4      | Found Vifa's Distillery.
  1766 | D:4      | Bought a potion of curing for 30 gold pieces
  2002 | D:5      | Found a staircase to the Ecumenical Temple.
  2054 | D:4      | Reached skill level 7 in Axes
  2211 | D:5      | Reached skill level 1 in Throwing
  2244 | D:5      | Reached XP level 7. HP: 44/57 MP: 7/7
  2380 | D:6      | Found a glowing drain.
  2380 | D:6      | Noticed Eustachio
  2449 | D:7      | Got a twisted chain mail
  2460 | D:7      | Identified the +3 chain mail of the Pit {*Corrode rPois
                  | Str+5 Dex+2} (You found it on level 7 of the Dungeon)
  2532 | D:7      | Reached *** piety under Trog
  2621 | Sewer    | Entered a sewer
  2830 | Sewer    | Reached **** piety under Trog
  2998 | D:6      | Killed Eustachio
  2998 | D:6      | Reached XP level 8. HP: 63/63 MP: 8/8
  3011 | D:6      | Found Qovimm's Distillery.
  3014 | D:6      | Bought a potion of agility for 44 gold pieces
  3111 | D:6      | Reached skill level 5 in Armour
  3345 | D:5      | Found a stormy altar of Qazlal.
  3460 | D:5      | Got a twisted robe
  3562 | D:4      | Bought a scroll labeled WIBLAU UMUR for 22 gold pieces
  3562 | D:4      | Bought a scroll of identify for 44 gold pieces
  3567 | D:4      | Bought a potion of degeneration for 14 gold pieces
  3670 | D:7      | Reached skill level 8 in Axes
  3684 | D:8      | Found a flagged portal.
  3690 | D:8      | Reached ***** piety under Trog
  3716 | Bailey   | Entered a bailey
  3774 | Bailey   | Noticed an orc knight
  3774 | Bailey   | Noticed an orc knight
  3824 | Bailey   | Reached XP level 9. HP: 56/69 MP: 9/9
  3880 | Bailey   | Noticed an orc knight
  3898 | Bailey   | Reached skill level 9 in Axes
  3943 | Bailey   | Got jewelled ice dragon scales
  3954 | Bailey   | Identified the +6 ice dragon scales of Mirth {*Corrode
                  | *Drain rF- rC++ Dex+7 SInv} (You found it in a bailey)
  4205 | Bailey   | Slain by an orc knight

Skill      XL: |  1  2  3  4  5  6  7  8  9 |
---------------+----------------------------+-----
Axes           | 3 4 5 6 7 8 9 |  9.3
Throwing       | 1 3 |  3.0
Armour         | 4 5 |  5.6
Fighting       | |  3.0
Dodging        | |  1.3

Action                   |  1- 3 |  4- 6 |  7- 9 || total
-------------------------+-------+-------+-------++-------
Melee: Hand axe          |    54 |   118 |   100 ||   272
       Kick              |     8 |    27 |    59 ||    94
       War axe           |       |       |   137 ||   137
Throw: Tomahawk          |       |     3 |       ||     3
Invok: Berserk           |     3 |     6 |    10 ||    19
       Trog's Hand       |       |       |     3 ||     3
  Use: Scroll            |       |       |     9 ||     9
  Eat: Chunk             |       |    11 |    16 ||    27
Armor: Animal skin       |    28 |    27 |    10 ||    65
       Chain mail        |       |       |   111 ||   111
       Ice dragon scales |       |       |     1 ||     1
Dodge: Dodged            |    39 |    40 |   188 ||   267
Block: Other             |     1 |     8 |       ||     9
